details: 'adele karaoke'

« prev index next »

General information

Mini Map

Players

team 1
HumanaHoleKiller (blue | 34 APM | 1418 actions | 41:49)
Hero icon 5 Archmage
Ability icon 3 Blizzard
Ability icon 2 Brilliance Aura
Hero icon 3 Crypt Lord
Ability icon 2 Spiked Carapace
Ability icon 1 Impale

» actions
Basic commands785
Build / train92
ESC pressed11
Enter build submenu27
Enter hero's abilities submenu9
Give item / drop item3
Remove unit from queue1
Right click10
Select / deselect414
Use ability66
1418 total
» units
Peasant24
Acolyte2
Footman7
Rifleman7
Flying Machine20
Gargoyle2
62 total
» upgrades
Defend1
Gunpowder1
Masonry2
Armor1
Long Rifles1
Flak Cannons1
Freezing Breath1
8 total
» buildings
Altar of Kings1
Farm8
Scout Tower7
Barracks2
Arcane Tower5
Town Hall1
Blacksmith1
Lumber Mill1
Keep1
Guard Tower1
Workshop2
Castle1
31 total
» build order
00:10 Altar of Kings
00:24 Farm
00:54 Scout Tower
01:06 Barracks
01:29 Farm
01:48 Farm
02:10 Arcane Tower
02:14 Farm
02:58 Farm
03:35 Farm
03:43 Scout Tower
04:16 Arcane Tower
05:36 Town Hall
05:47 Scout Tower
05:56 Blacksmith
06:05 Lumber Mill
06:23 Arcane Tower
06:26 Scout Tower
06:30 Scout Tower
07:14 Arcane Tower
07:32 Keep
08:56 Farm
09:27 Scout Tower
09:36 Guard Tower
09:43 Barracks
10:09 Workshop
10:22 Arcane Tower
10:47 Workshop
11:16 Castle
11:50 Scout Tower
13:44 Farm
» items
Boots of Speed1
Scroll of Town Portal1
Scroll of Regeneration1
Potion of Invisibility1
Staff of Teleportation1
5 total
HumanLoverNotFighter (pink | 83 APM | 3460 actions | 41:49)
Hero icon 8 Archmage
Ability icon 3 Summon Water Elemental
Ability icon 3 Brilliance Aura
Ability icon 1 Mass Teleport
Ability icon 1 Blizzard
Hero icon 1 Crypt Lord
Ability icon 1 Impale

» actions
Assign group hotkey54
Basic commands132
Build / train100
Enter build submenu52
Enter hero's abilities submenu9
Give item / drop item10
Remove unit from queue9
Right click1376
Select / deselect452
Select group hotkey911
Use ability354
3460 total
» units
Peasant27
Footman4
Goblin Shredder1
Gryphon Rider6
Dragonhawk Rider3
41 total
» upgrades
Masonry3
Swords3
Armor3
Animal War Training1
Storm Hammers1
11 total
» buildings
Altar of Kings2
Barracks2
Farm11
Scout Tower26
Keep2
Arcane Tower1
Town Hall2
Lumber Mill1
Arcane Vault2
Castle1
Guard Tower5
Gryphon Aviary5
Blacksmith3
63 total
» build order
00:35 Altar of Kings
00:36 Barracks
00:49 Altar of Kings
00:51 Barracks
00:52 Farm
00:54 Farm
01:04 Farm
01:35 Farm
02:09 Scout Tower
03:21 Keep
03:25 Arcane Tower
04:04 Town Hall
04:07 Scout Tower
04:07 Scout Tower
04:22 Scout Tower
04:25 Scout Tower
04:46 Lumber Mill
05:09 Arcane Vault
06:43 Castle
07:33 Guard Tower
08:04 Gryphon Aviary
08:05 Gryphon Aviary
08:06 Gryphon Aviary
08:07 Gryphon Aviary
08:09 Blacksmith
08:10 Blacksmith
08:20 Gryphon Aviary
08:23 Blacksmith
08:27 Farm
10:56 Scout Tower
10:56 Scout Tower
10:57 Scout Tower
10:58 Scout Tower
10:58 Scout Tower
10:59 Scout Tower
15:05 Scout Tower
15:05 Scout Tower
15:06 Scout Tower
15:06 Scout Tower
15:07 Scout Tower
15:10 Scout Tower
15:10 Scout Tower
15:11 Scout Tower
15:11 Scout Tower
15:12 Scout Tower
15:49 Guard Tower
17:09 Guard Tower
18:22 Keep
18:36 Arcane Vault
19:26 Farm
19:27 Farm
19:27 Farm
19:27 Farm
19:30 Farm
19:31 Farm
22:11 Town Hall
22:14 Scout Tower
22:15 Scout Tower
22:15 Scout Tower
22:15 Scout Tower
22:45 Guard Tower
22:47 Guard Tower
» items
Scroll of Regeneration3
Mechanical Critter5
Sentry Wards1
Periapt of Vitality4
Potion of Healing2
Scroll of Town Portal4
Potion of Lesser Invulnerability4
Potion of Invisibility1
Boots of Speed1
Staff of Teleportation1
26 total
Random» Rebelking_23 (purple | 53 APM | 12 actions | 00:13)

» actions
Enter build submenu1
Right click5
Select / deselect5
Use ability1
12 total
» buildings
Crypt1
1 total
» build order
00:07 Crypt
Random» Undeadhehez (red | 26 APM | 1104 actions | 41:49)
Hero icon 6 Crypt Lord
Ability icon 3 Carrion Beetles
Ability icon 3 Spiked Carapace

» actions
Assign group hotkey14
Build / train118
ESC pressed9
Enter build submenu79
Enter hero's abilities submenu6
Remove unit from queue1
Right click338
Select / deselect413
Select group hotkey22
Use ability104
1104 total
» units
Acolyte48
Ghoul9
Crypt Fiend10
Goblin Shredder1
Obsidian Statue4
Frost Wyrm8
Gargoyle3
83 total
» upgrades
Creature Attack4
Creature Carapace2
Web2
8 total
» buildings
Altar of Darkness2
Ziggurat40
Graveyard2
Crypt2
Halls of the Dead2
Tomb of Relics2
Spirit Tower6
Slaughterhouse1
Black Citadel2
Sacrificial Pit1
Boneyard4
Necropolis3
67 total
» build order
00:24 Altar of Darkness
00:51 Ziggurat
01:03 Graveyard
01:08 Crypt
01:10 Altar of Darkness
01:14 Ziggurat
01:35 Graveyard
01:50 Ziggurat
02:06 Ziggurat
02:28 Ziggurat
03:01 Halls of the Dead
03:14 Ziggurat
03:28 Halls of the Dead
03:50 Ziggurat
03:54 Tomb of Relics
04:35 Ziggurat
05:13 Spirit Tower
05:19 Spirit Tower
05:35 Slaughterhouse
06:18 Black Citadel
08:22 Sacrificial Pit
09:22 Boneyard
09:23 Boneyard
09:27 Boneyard
09:29 Boneyard
11:31 Ziggurat
11:34 Ziggurat
11:35 Ziggurat
11:38 Ziggurat
11:39 Ziggurat
13:04 Tomb of Relics
15:26 Necropolis
15:36 Spirit Tower
15:39 Ziggurat
15:40 Ziggurat
15:42 Ziggurat
15:53 Spirit Tower
15:54 Spirit Tower
17:22 Ziggurat
17:26 Ziggurat
21:52 Black Citadel
21:58 Ziggurat
23:04 Ziggurat
23:05 Ziggurat
23:07 Ziggurat
23:10 Ziggurat
23:11 Ziggurat
23:14 Ziggurat
23:32 Spirit Tower
23:35 Ziggurat
23:36 Ziggurat
23:38 Ziggurat
24:33 Ziggurat
24:35 Ziggurat
24:38 Ziggurat
24:42 Ziggurat
24:47 Crypt
29:31 Ziggurat
29:33 Ziggurat
29:35 Ziggurat
30:23 Necropolis
31:36 Ziggurat
31:37 Ziggurat
31:39 Ziggurat
31:42 Ziggurat
31:45 Ziggurat
32:30 Necropolis
» items
Scroll of Town Portal6
6 total
team 2
Random» Human30Year0ldVirgin (teal | 45 APM | 1210 actions | 26:59)
Hero icon 8 Mountain King
Ability icon 3 Storm Bolt
Ability icon 3 Bash
Ability icon 1 Avatar
Ability icon 1 Thunder Clap
Hero icon 7 Paladin
Ability icon 3 Holy Light
Ability icon 3 Devotion Aura
Ability icon 1 Resurrection

» actions
Assign group hotkey24
Basic commands65
Build / train50
ESC pressed2
Enter build submenu22
Enter hero's abilities submenu15
Give item / drop item1
Right click394
Select / deselect143
Select group hotkey425
Use ability69
1210 total
» units
Peasant11
Gryphon Rider11
22 total
» upgrades
Swords3
Armor3
Storm Hammers1
Animal War Training1
8 total
» buildings
Altar of Kings1
Farm11
Scout Tower1
Arcane Tower1
Keep1
Lumber Mill1
Blacksmith1
Castle1
Gryphon Aviary2
Barracks1
Town Hall3
24 total
» build order
00:10 Altar of Kings
00:22 Farm
00:29 Farm
00:43 Scout Tower
01:22 Arcane Tower
02:55 Keep
03:12 Farm
03:15 Farm
03:32 Lumber Mill
03:50 Blacksmith
05:16 Castle
05:33 Gryphon Aviary
05:37 Gryphon Aviary
06:35 Farm
06:37 Farm
06:38 Farm
10:04 Farm
10:06 Farm
10:07 Farm
10:08 Farm
13:04 Barracks
15:15 Town Hall
17:51 Town Hall
22:31 Town Hall
HumanD.e.a.t.h (orange | 17 APM | 729 actions | 41:49)
Hero icon 4 Mountain King
Ability icon 2 Storm Bolt
Ability icon 2 Bash
Hero icon 1 Paladin
Ability icon 1 Holy Light
Hero icon 1 Archmage
Ability icon 1 Brilliance Aura

» actions
Basic commands1
Build / train51
Enter build submenu21
Enter hero's abilities submenu6
Give item / drop item4
Right click286
Select / deselect277
Use ability75
729 total
» units
Peasant9
Footman6
Priest1
Sorceress2
Knight3
21 total
» upgrades
Masonry2
Plating2
Swords1
Sorceress Training2
7 total
» buildings
Altar of Kings1
Farm7
Barracks1
Lumber Mill1
Scout Tower5
Arcane Tower3
Arcane Vault1
Blacksmith1
Keep1
Guard Tower2
Town Hall2
Castle1
Arcane Sanctum1
27 total
» build order
00:19 Altar of Kings
00:35 Farm
00:55 Barracks
01:07 Farm
01:27 Lumber Mill
01:46 Farm
02:02 Scout Tower
02:36 Scout Tower
02:39 Arcane Tower
02:42 Farm
03:09 Arcane Tower
03:14 Arcane Vault
03:30 Farm
04:22 Blacksmith
04:28 Scout Tower
04:45 Keep
05:34 Guard Tower
06:00 Farm
06:18 Town Hall
06:46 Scout Tower
07:19 Scout Tower
07:41 Guard Tower
08:08 Farm
08:10 Arcane Tower
08:32 Castle
09:09 Arcane Sanctum
10:33 Town Hall
» items
Boots of Speed2
Circlet of Nobility1
Scroll of Regeneration1
Lesser Clarity Potion1
Scroll of Town Portal2
7 total
Human234727593235935 (green | 82 APM | 3384 actions | 41:04)
Hero icon 8 Archmage
Ability icon 3 Summon Water Elemental
Ability icon 3 Brilliance Aura
Ability icon 1 Blizzard
Ability icon 1 Mass Teleport
Hero icon 5 Blood Mage
Ability icon 3 Flame Strike
Ability icon 2 Banish

» actions
Assign group hotkey119
Basic commands133
Build / train266
ESC pressed2
Enter build submenu52
Enter hero's abilities submenu12
Give item / drop item22
Remove unit from queue1
Right click1074
Select / deselect494
Select group hotkey866
Use ability343
3384 total
» units
Peasant21
Footman9
Goblin Shredder9
Gryphon Rider6
Goblin Sapper20
Sorceress1
Goblin Zeppelin40
Dragonhawk Rider1
107 total
» upgrades
Masonry4
Swords3
Armor3
Animal War Training1
Storm Hammers1
Sorceress Training2
Cloud1
Plating1
Gunpowder1
Backpack1
Long Rifles1
Defend1
Lumber Harvesting1
Priest Training1
Magic Sentry1
23 total
» buildings
Altar of Kings1
Barracks1
Farm10
Arcane Vault1
Lumber Mill1
Scout Tower34
Arcane Tower13
Town Hall3
Keep2
Blacksmith1
Castle3
Guard Tower45
Gryphon Aviary2
Arcane Sanctum1
118 total
» build order
01:10 Altar of Kings
01:11 Barracks
01:14 Farm
01:22 Farm
01:37 Farm
01:51 Farm
01:57 Arcane Vault
02:02 Farm
02:36 Farm
02:50 Lumber Mill
03:07 Scout Tower
03:09 Farm
03:33 Arcane Tower
03:33 Arcane Tower
04:14 Town Hall
05:13 Scout Tower
05:56 Keep
06:33 Arcane Tower
06:34 Arcane Tower
06:48 Farm
07:28 Blacksmith
08:13 Scout Tower
08:16 Scout Tower
08:18 Scout Tower
08:21 Castle
08:21 Castle
08:46 Guard Tower
08:46 Guard Tower
08:47 Guard Tower
08:47 Guard Tower
08:48 Guard Tower
08:48 Guard Tower
08:50 Scout Tower
08:51 Scout Tower
08:55 Scout Tower
08:56 Scout Tower
09:34 Guard Tower
09:35 Guard Tower
09:35 Guard Tower
09:43 Gryphon Aviary
09:44 Gryphon Aviary
10:14 Scout Tower
10:15 Scout Tower
10:16 Scout Tower
10:19 Scout Tower
11:11 Guard Tower
11:11 Guard Tower
11:12 Guard Tower
11:29 Farm
11:33 Scout Tower
11:35 Scout Tower
11:38 Scout Tower
11:42 Arcane Tower
11:42 Arcane Tower
12:23 Arcane Sanctum
12:26 Arcane Tower
12:26 Arcane Tower
12:26 Arcane Tower
12:26 Arcane Tower
12:28 Guard Tower
12:28 Guard Tower
13:46 Town Hall
13:50 Scout Tower
13:51 Scout Tower
13:51 Scout Tower
13:52 Scout Tower
13:53 Scout Tower
13:55 Scout Tower
13:55 Scout Tower
13:56 Scout Tower
13:58 Scout Tower
13:59 Scout Tower
14:28 Guard Tower
14:28 Guard Tower
14:51 Guard Tower
14:51 Guard Tower
14:51 Guard Tower
14:52 Guard Tower
14:52 Guard Tower
14:53 Guard Tower
14:53 Guard Tower
14:53 Guard Tower
14:53 Guard Tower
14:55 Guard Tower
14:55 Guard Tower
15:46 Guard Tower
19:45 Farm
27:40 Town Hall
27:41 Scout Tower
27:42 Scout Tower
27:43 Scout Tower
28:18 Guard Tower
28:19 Guard Tower
28:20 Scout Tower
28:21 Scout Tower
28:21 Scout Tower
28:23 Scout Tower
29:34 Guard Tower
29:34 Guard Tower
30:04 Guard Tower
30:04 Guard Tower
30:06 Scout Tower
» items
Scroll of Regeneration4
Replenishment Potion1
Lesser Clarity Potion1
Mana Stone1
Health Stone1
Pendant of Energy1
Gloves of Haste1
Ankh of Reincarnation1
Scroll of Town Portal2
Staff of Teleportation2
Tome of Retraining1
Mechanical Critter4
20 total
Orcrighthere (yellow | 90 APM | 2765 actions | 30:45)
Hero icon 7 Blademaster
Ability icon 3 Wind Walk
Ability icon 3 Critical Strike
Ability icon 1 Bladestorm

» actions
Assign group hotkey74
Basic commands41
Build / train44
Enter build submenu19
Enter hero's abilities submenu7
Give item / drop item10
Right click1659
Select / deselect122
Select group hotkey699
Use ability90
2765 total
» units
Peon11
Demolisher5
16 total
» upgrades
Spiked Barricades1
Ranged Weapons1
Burning Oil1
3 total
» buildings
Altar of Storms1
Orc Burrow7
Voodoo Lounge1
War Mill1
Stronghold1
Watch Tower5
Fortress2
Barracks3
21 total
» build order
00:06 Altar of Storms
00:09 Orc Burrow
00:42 Voodoo Lounge
01:47 War Mill
01:58 Orc Burrow
02:46 Stronghold
03:30 Watch Tower
03:37 Watch Tower
04:43 Watch Tower
05:32 Fortress
05:33 Fortress
05:58 Watch Tower
06:06 Watch Tower
08:52 Barracks
08:55 Barracks
09:00 Barracks
09:29 Orc Burrow
09:30 Orc Burrow
11:49 Orc Burrow
12:16 Orc Burrow
12:17 Orc Burrow
» items
Healing Salve3
Lesser Clarity Potion2
Circlet of Nobility1
Staff of Teleportation1
Boots of Speed1
Potion of Healing1
Scroll of Town Portal1
Orb of Lightning1
Scroll of Regeneration2
13 total

Chat log

(00:21 / Allies) LoverNotFighter: who take
(00:27 / Allies) hehez: me

(06:40 / All) 234727593235935: my whole team leeching my xp this game
(06:52 / All) 234727593235935: coming in at last sec to take some
(06:55 / All) 234727593235935: with just heroes
(06:58 / Allies) hehez: lol
(07:04 / Allies) hehez: lol
(07:07 / All) 234727593235935: I'd be like level 3 and a half
(07:12 / All) 234727593235935: but I'm level 2 and a half from xp leeches
(07:17 / All) 234727593235935: like teal and yellow

(11:21 / Allies) hehez: meet
(11:38 / Allies) LoverNotFighter: hit orange

(14:46 / Allies) LoverNotFighter: help blue
(14:49 / Allies) hehez: tp pink
(14:52 / Allies) LoverNotFighter: I didn't have tp
(14:59 / Allies) hehez: neither do i
(15:55 / Allies) aHoleKiller: gold please
(16:44 / Allies) hehez: buying tp
(17:31 / Allies) hehez: take pulp
(17:49 / Allies) hehez: take pulp
(18:42 / Allies) aHoleKiller: 200 gold plesae
(19:01 / Allies) hehez: control pulp
(19:57 / Allies) hehez: main hall
(20:01 / Allies) hehez: kill main
(20:24 / Allies) hehez: he cant make gryhons now

(22:24 / Allies) hehez: blue rebuid?
(22:32 / Allies) hehez: no gold?

(24:55 / All) 234727593235935: I AM THE BEST!

(26:15 / All) 234727593235935: Teal says you mh pink
(26:48 / All) 30Year0ldVirgin: anyways this was a fun game lol
(26:52 / All) 30Year0ldVirgin: we almost won a 3v4
(26:56 / All) LoverNotFighter: lawl
(27:05 / All) hehez: ??
(27:08 / All) LoverNotFighter: participation award
(27:09 / All) hehez: explain
(27:10 / All) 234727593235935: I don't think my team even noticed my contributions
(27:20 / All) 234727593235935: sure I killed one of our playes, yeah
(27:24 / All) 234727593235935: but I also killed like 5 expos

(29:24 / Allies) hehez: blue why not rebuid?
(29:29 / Allies) aHoleKiller: no gold
(30:26 / Allies) aHoleKiller: GET THAT
(30:42 / Allies) hehez: woow
(30:45 / All) hehez: LOL
(30:53 / All) hehez: u can ty ur ally for that
(30:57 / All) hehez: lmao
(31:48 / Allies) aHoleKiller: why r u killing purp
(31:53 / Allies) hehez: me?
(31:58 / Allies) aHoleKiller: someone did
(32:04 / All) 234727593235935: faggot trying to take my xp
(32:06 / All) 234727593235935: to the bitter end
(32:15 / All) 234727593235935: XP leeching scum all game
(32:52 / Allies) hehez: boneyards
(32:53 / Allies) hehez: lol
(32:56 / Allies) hehez: feed pulp
(33:20 / Allies) aHoleKiller: you see
(33:42 / Allies) hehez: blue u did that?
(33:48 / Allies) aHoleKiller: nope
(33:53 / Allies) aHoleKiller: pink
(33:59 / Allies) hehez: ....
(34:05 / All) 234727593235935: My team all 0 food I think
(34:17 / Allies) aHoleKiller: he is buddies with green
(34:24 / All) LoverNotFighter: HELLO FROM THE OTHER SIDE
(34:28 / All) LoverNotFighter: I MUST HAVE CALLED A THOUSAND TIMES
(34:30 / All) LoverNotFighter: TO TELL YOU
(34:32 / All) LoverNotFighter: I'M SORRY
(34:35 / Allies) hehez: u again
(34:36 / All) LoverNotFighter: FOR EVERYTHING THAT I'VE DONE
(34:39 / All) LoverNotFighter: AND IT DON'T MATTER
(34:40 / Allies) hehez: u were in my last game
(34:44 / All) LoverNotFighter: BLAH BLAH BLAH
(34:45 / Allies) hehez: now u r in this game
(34:49 / All) LoverNotFighter: SURPRISE
(35:11 / Allies) hehez: how fucking unfortunate am i
(35:19 / Allies) hehez: 2 games in straight
(35:20 / All) LoverNotFighter: LET IT GO
(35:21 / All) LoverNotFighter: LET IT GO
(35:25 / All) LoverNotFighter: These things happen
(35:29 / All) LoverNotFighter: 4v4 has all kinds
(35:33 / All) 234727593235935: man I am too tired for this game right now
(36:12 / Allies) hehez: blue u get whats going on rite?
(36:29 / Allies) aHoleKiller: yes
(36:29 / Allies) LoverNotFighter: did you win the standoff?
(36:38 / Allies) hehez: not teling you
(36:49 / Allies) hehez: blue were u in that game too?
(36:52 / Allies) LoverNotFighter: I could find out easily enough
(37:21 / All) hehez: u guys get whats going on here rite?
(37:43 / All) aHoleKiller: green and teal will fuck each other?
(37:44 / All) 234727593235935: I LAUGh in the facE OF DANGER! HAHAHAHAHA
(38:26 / All) hehez: one of yours is a buddy of my tk ally so your tker kill off you guys and my tker kill off all ours
(38:34 / All) hehez: then they both leave
(39:17 / All) LoverNotFighter: where did you squirrel away your food
(39:32 / All) hehez: i am guessing its green

(40:54 / All) 234727593235935: gl everyone off to bed me goes
(41:33 / All) hehez: orange
(41:41 / All) hehez: u have no peasants left?
(41:45 / All) hehez: no nothing?
(41:45 / All) LoverNotFighter: See ya later, pals. Good luck to you all. Have a righteous time.